 Dungeon Crawl Stone Soup version 0.29-a0-997-gf6f7e2dfe7 (webtiles) character file.

Game seed: 18363496881242575480

116 vurker the Shooter (level 4, -2/40 HPs)
             Began as a Minotaur Hunter on Aug 4, 2022.
             Succumbed to an adder's poison
             ... on level 2 of the Dungeon.
             The game lasted 00:01:53 (1097 turns).

vurker the Shooter (Minotaur Hunter)                Turns: 1097, Time: 00:01:54

Health: -2/40      AC:  3    Str: 16 (17) XL:     4   Next: 69%
Magic:  12/12      EV: 11    Int:  4 (6)  God:
Gold:   76         SH:  0    Dex: 11 (14) Spells: 3/3 levels left

rFire   . . .      SeeInvis .   a - +1 shortbow
rCold   . . .      Faith    .   (shield currently unavailable)
rNeg    . . .      Spirit   .   c - +0 leather armour
rPois   .          Reflect  .   (helmet restricted)
rElec   .          Harm     .   (no cloak)
rCorr   .          Rampage  .   (no gloves)
Will    +....                   (no boots)
Stlth   +.........              (no amulet)
HPRegen 0.13/turn               f - ring of magical power
MPRegen 0.13/turn               e - ring of willpower

@: lethally poisoned (-2 -> -11)
A: horns 2, retaliatory headbutt
a: no special abilities


You were on level 2 of the Dungeon.
You visited 1 branch of the dungeon, and saw 2 of its levels.

You collected 76 gold pieces.

Inventory:

Hand Weapons
 a - a +1 shortbow (weapon)
Missiles
 d - a throwing net
Armour
 c - a +0 leather armour (worn)
Jewellery
 e - a ring of willpower (right hand)
   (You found it on level 2 of the Dungeon)
 f - a ring of magical power (left hand)
   (You found it on level 1 of the Dungeon)
Scrolls
 b - a scroll of immolation
Potions
 h - a potion of magic
 k - a potion of cancellation


   Skills:
 + Level 3.9 Fighting
 * Level 6.0 Ranged Weapons
 - Level 2.1 Dodging
 - Level 0.7 Stealth


You had 3 spell levels left.
You didn't know any spells.
Your spell library was empty.

Dungeon Overview and Level Annotations

Branches:
Dungeon (2/15)

Altars:
Okawaru


Innate Abilities, Weirdness & Mutations

You have a pair of horns on your head.
You reflexively headbutt those who attack you in melee.


Message History

You feel very sick. The adder bites you. x2
You shoot an arrow. The arrow barely misses the adder.
You feel sick. The adder bites you. The adder closely misses you.
You shoot an arrow. The arrow hits the adder.
You feel sick. The adder bites you.
* * * LOW HITPOINT WARNING * * *
Fire: a) +1 shortbow
Aim: an adder (moderately wounded, 44% to hit)
You shoot an arrow. The arrow closely misses the adder.
You feel sick. The adder bites you.
* * * LOW HITPOINT WARNING * * *
The adder bites you but does no damage.
Fire: a) +1 shortbow
Aim: an adder (moderately wounded, 44% to hit)
You shoot an arrow. The arrow closely misses the adder.
You feel sick. The adder closely misses you.
The adder bites you but does no damage.
Fire: a) +1 shortbow
Aim: an adder (moderately wounded, 44% to hit)
You shoot an arrow. The arrow hits the adder!
You feel sick.
You are no longer poisoned.
The adder bites you.
* * * LOW HITPOINT WARNING * * *
You are poisoned.
The adder poisons you!
Fire: a) +1 shortbow
Aim: an adder (almost dead, 44% to hit)
You shoot an arrow. The arrow closely misses the adder.
You feel sick.
You hear an angry hiss.
The adder bites you.
* * * LOW HITPOINT WARNING * * *
You are more poisoned.
The adder poisons you! The adder barely misses you.
Drinking this now will have no effect.
Fire: a) +1 shortbow
Aim: an adder (almost dead, 44% to hit)
You shoot an arrow. The arrow misses the adder.
* * * LOW HITPOINT WARNING * * *
You feel very sick. The adder closely misses you.
Fire: a) +1 shortbow
Aim: an adder (almost dead, 44% to hit)
You shoot an arrow. The frilled lizard hisses angrily.
The arrow hits the adder!
You kill the adder!
You die...

..# #....# .[##
#.##..(. # ... #
#.....# # ..##.
#l##.S.S.# # ...#
#r.r..r.# # ..#
#.....<###### #.#
#.#...####...
#†#####.#### #...##
#.@.....# ####.###.
#....######.)..# .
#.#### #..).#### # .
#.# #)#### # #.
#.######.# #
#.####........# #
##.......####### #
.#.....l.)....##
###.
.........|####..####
#...


You could see a frilled lizard.

Vanquished Creatures
  An orc priest (D:2)
  6 adders (D:2)
  4 orcs (D:2)
  3 bats (D:1)
  An endoplasm (D:2)
  4 giant cockroaches
  5 hobgoblins (D:1)
  2 jackals (D:1)
  3 kobolds
  A quokka (D:1)
  2 ball pythons (D:1)
  2 frilled lizards
  5 rats
39 creatures vanquished.

Notes
Turn   | Place    | Note
-------+----------+-------------------------------------------
     0 | D:1      | vurker the Minotaur Hunter began the quest for the Orb.
     0 | D:1      | Reached XP level 1. HP: 18/18 MP: 0/0
    58 | D:1      | Found a faded altar of an unknown god.
    66 | D:1      | Reached XP level 2. HP: 25/25 MP: 1/1
   205 | D:1      | Reached skill level 5 in Ranged Weapons
   617 | D:2      | Reached XP level 3. HP: 31/31 MP: 2/2
   639 | D:2      | Reached XP level 4. HP: 15/39 MP: 3/3
   865 | D:2      | Found an iron altar of Okawaru.
   905 | D:2      | Reached skill level 6 in Ranged Weapons
  1096 | D:2      | HP: 1/40 [poisoned by an adder]
  1097 | D:2      | Succumbed to an adder's poison

Illustrated notes

Levels and vault maps discovered:
D:1:      dpeg_arrival_arbitrary_c, layout_rooms,
          hellmonk_ecumenical_altar_heavens_door, chequers_garden
D:2:      layout_rooms, basic_altar, minmay_vboxes

Skill      XL: |  1  2  3  4 |
---------------+-------------+-----
Fighting       | 3 |  3.9
Ranged Weapons | 5 6 |  6.0
Dodging        | |  2.1
Stealth        | |  0.7

Action                   |  1- 3 |  4- 6 || total
-------------------------+-------+-------++-------
 Fire: Shortbow          |    73 |    44 ||   117
  Use: Potion            |     2 |       ||     2
       Scroll            |       |     4 ||     4
Armor: Leather armour    |    10 |     5 ||    15
Dodge: Dodged            |    23 |    13 ||    36

Table legend: (Time is in decaauts)
 A = Elapsed time spent in this place.
 B = Non-inter-level travel time spent in this place.
 C = Inter-level travel time spent in this place.
 D = Time resting spent in this place.
 E = Time spent auto-exploring this place.
 F = Levels seen in this place.
 G = Mean time per level.
                   A        B        C        D        E       F      G
               +--------+--------+--------+--------+--------+-----+--------+
         Total |   1126 |   1079 |     47 |      0 |    845 |   2 |  563.0 |
       Dungeon |   1126 |   1079 |     47 |      0 |    845 |   2 |  563.0 |
               +--------+--------+--------+--------+--------+-----+--------+

Top non-repeatable levels by time:
     D:1: 584 daAuts
     D:2: 542 daAuts
